 Dungeon Crawl Stone Soup version 0.26-a0-662-g8b9c6dab81 (webtiles) character file.

Game seed: 43655739149315301

119 grandjackal the Ducker (level 4, -2/35 HPs)
             Began as a Demonspawn Gladiator on Oct 9, 2020.
             Slain by a worker ant (7 damage)
             ... on level 4 of the Dungeon.
             The game lasted 00:02:01 (2832 turns).

grandjackal the Ducker (Demonspawn Gladiator)       Turns: 2832, Time: 00:02:02

Health: -2/35      AC:  5    Str: 15    XL:     4   Next: 73%
Magic:  4/4        EV: 13    Int:  9    God:
Gold:   64         SH:  0    Dex: 15    Spells: 3/3 levels left

rFire    . . .     SeeInvis .   a - +0 long sword
rCold    . . .     Faith    .   (no shield)
rNeg     . . .     Spirit   .   b - +0 leather armour
rPois    .         Reflect  .   o - +1 helmet
rElec    .         Harm     .   (no cloak)
rCorr    .         Rampage  .   (no gloves)
MR       .....                  (no boots)
Stlth    +.........             (no amulet)
HPRegen  0.11/turn              (no ring)
MPRegen  0.09/turn              (no ring)

@: confused, lethally poisoned (-2 -> -14)
A: powered by pain 1
a: no special abilities


You were on level 4 of the Dungeon.
You visited 1 branch of the dungeon, and saw 4 of its levels.

You collected 64 gold pieces.

Inventory:

Hand Weapons
 a - a +0 long sword (weapon)
Missiles
 d - a throwing net (quivered)
Armour
 b - a +0 leather armour (worn)
 o - a +1 helmet (worn)
 s - a +0 kite shield
Wands
 l - a wand of polymorph (7)
Scrolls
 c - a scroll of amnesia {unknown}
 e - a scroll of fog {unknown}
 h - 4 scrolls of identify {unknown}
 j - 2 scrolls of teleportation {unknown}
 p - a scroll of fear {unknown}
 q - a scroll of random uselessness {unknown}
 r - 2 scrolls of enchant weapon {unknown}
Potions
 f - a potion of haste {unknown}
 g - a potion of curing {unknown}
 i - a potion of mutation {unknown}
 k - 2 potions of degeneration {unknown}
 m - a potion of might {unknown}
 n - a potion of berserk rage {unknown}
 u - a potion of magic


   Skills:
 + Level 3.2 Fighting
 + Level 3.6 Long Blades
 - Level 1.7 Throwing
 + Level 3.6 Dodging


You had 3 spell levels left.
You didn't know any spells.
Your spell library was empty.

Dungeon Overview and Level Annotations

Branches:
Dungeon (4/15)
 Temple: D:4-7

Altars:
Elyvilon
Xom
The Shining One


Innate Abilities, Weirdness & Mutations

You sometimes gain a little power by taking damage.


Message History

You feel sick.
The worker ant struggles against the net.
You catch the helpless worker ant completely off-guard!
You hit the worker ant but do no damage.
The worker ant is heavily wounded.
* * * LOW HITPOINT WARNING * * *
You feel sick.
The worker ant struggles against the net. x2
Unknown command.
It was a potion of magic.
Magic courses through your body.
* * * LOW HITPOINT WARNING * * *
You feel sick.
The worker ant struggles against the net.
The net rips apart, and the worker ant comes free!
It was a potion of ambrosia.
You are confused.
You feel invigorated.
* * * LOW HITPOINT WARNING * * *
You feel sick. The worker ant bites you!
You die...

#....# ##...# ##.
##...###.(.## #..##
##............
.....##.....<#...#
#....#.....##...#
#..........#.#.##
$####......#.##...# .#
#..........<....B.#...#
#..............@...#
........................
#...................###.
######..............#
##....##........#
#......#######..#
#....### ..# ...... ...
##.....


You could see a worker ant.

Vanquished Creatures
  A jelly (D:2)
  A worker ant (D:3)
  3 worms
  A dart slug (D:1)
  2 leopard geckos
  An orc (D:3)
  2 ball pythons (D:3)
  2 giant cockroaches (D:2)
  4 hobgoblins
  7 kobolds
  A quokka (D:2)
  6 bats
  2 frilled lizards
  5 goblins
  5 rats
43 creatures vanquished.

Vanquished Creatures (others)
  A frilled lizard (D:4)
1 creature vanquished.

Grand Total: 44 creatures vanquished

Notes
Turn   | Place    | Note
-------+----------+-------------------------------------------
     0 | D:1      | grandjackal the Demonspawn Gladiator began the quest for
                  | the Orb.
     0 | D:1      | Reached XP level 1. HP: 16/16 MP: 1/1
   305 | D:1      | Gained mutation: You sometimes gain a little power by
                  | taking damage. [demonic ancestry]
   305 | D:1      | Reached XP level 2. HP: 20/22 MP: 2/2
  1069 | D:2      | Found a shimmering altar of Xom.
  1071 | D:2      | Found a shimmering altar of Xom.
  1073 | D:2      | Found a shimmering altar of Xom.
  1140 | D:2      | Reached XP level 3. HP: 11/28 MP: 3/3
  1536 | D:2      | Found a white marble altar of Elyvilon.
  1562 | D:2      | Reached XP level 4. HP: 29/34 MP: 4/4
  2134 | D:3      | Found a glowing golden altar of the Shining One.
  2832 | D:4      | Slain by a worker ant

Illustrated notes

Levels and vault maps discovered:
D:1:      lightli_arrival_boilingwater, layout_basic
D:2:      layout_basic, xom_redecorated, lemuel_crystal_altar
D:3:      layout_basic, tso_metal_star
D:4:      layout_cave_pools, kennysheep_mini_moat, elyvilon_altar_4,
          uniq_blork_the_orc, uniq_purgy

Skill      XL: |  1  2  3  4 |
---------------+-------------+-----
Dodging        | 3 |  3.6
Long Blades    | 3 |  3.6
Fighting       | 3 |  3.2
Throwing       | |  1.7

Action                   |  1- 3 |  4- 6 || total
-------------------------+-------+-------++-------
Melee: Long sword        |    56 |    60 ||   116
Throw: Throwing net      |       |     2 ||     2
  Use: Potion            |       |     2 ||     2
 Stab: Sleeping          |     1 |     1 ||     2
       Held in net/web   |       |     1 ||     1
Armor: Leather armour    |    22 |    11 ||    33
Dodge: Dodged            |    41 |    44 ||    85
       Rpst.: Long sword |    14 |    15 ||    29

Table legend: (Time is in decaauts)
 A = Elapsed time spent in this place.
 B = Non-inter-level travel time spent in this place.
 C = Inter-level travel time spent in this place.
 D = Time resting spent in this place.
 E = Time spent auto-exploring this place.
 F = Levels seen in this place.
 G = Mean time per level.
                   A        B        C        D        E       F      G
               +--------+--------+--------+--------+--------+-----+--------+
         Total |   2863 |   2797 |     66 |    336 |   2122 |   4 |  715.8 |
       Dungeon |   2863 |   2797 |     66 |    336 |   2122 |   4 |  715.8 |
               +--------+--------+--------+--------+--------+-----+--------+

Top non-repeatable levels by time:
     D:3: 942 daAuts
     D:1: 932 daAuts
     D:2: 844 daAuts
     D:4: 143 daAuts
